 Dungeon Crawl Stone Soup version 0.31.0-11-ge490571c62 (webtiles) character file.

Game seed: 1740390481159548513

1037 qw the Skirmisher (level 8, -3/39 HPs)
             Began as a Spriggan Hunter on Feb 3, 2024.
             Slain by an ogre
             ... wielding a +0 giant spiked club
              (24 damage)
             ... on level 5 of the Dungeon.
             The game lasted 00:00:17 (3444 turns).

qw the Skirmisher (Spriggan Hunter)                 Turns: 3444, Time: 00:00:17

Health: -3/39      AC:  3    Str:  7    XL:     8   Next: 4%
Magic:  9/9        EV: 23    Int: 10    God:
Gold:   286        SH:  0    Dex: 21    Spells: 7/7 levels left

rFire   . . .        a - +0 shortbow
rCold   . . .        (shield currently unavailable)
rNeg    . . .        c - +0 robe
rPois   .            e - +1 hat
rElec   .            (no cloak)
rCorr   .            (gloves unavailable)
SInv    +            (boots unavailable)
Will    +....        (no amulet)
Stlth   ++           (no ring)
HPRegen 0.26/turn    (no ring)
MPRegen 0.11/turn

%: no passive effects
@: very quick
A: very small, no large weapons, unfitting armour, see invisible, speed 3, horns
1
a: no special abilities


You were on level 5 of the Dungeon.
You visited 2 branches of the dungeon, and saw 6 of its levels.
You also visited: Sewer.

You collected 286 gold pieces.


Innate Abilities, Weirdness & Mutations

You are very small and have problems with some larger weapons.
You are too small for most types of armour.
You have supernaturally acute eyesight. (SInv)
You cover ground extremely quickly. (Speed+++)
You have a pair of small horns on your head.


   Skills:
 + Level 2.5 Fighting
 - Level 8.0 Ranged Weapons
 - Level 8.0 Dodging
 - Level 1.5 Stealth


You had 7 spell levels left.
You didn't know any spells.
Your spell library was empty.

Inventory:

Hand Weapons
 a - a +0 shortbow (weapon)
Armour
 c - a +0 robe (worn)
 e - a +1 hat (worn)
Wands
 d - a wand of charming (3)
 m - a wand of light (3)
Potions
 b - a potion of enlightenment {unknown}
 f - a potion of resistance
 g - 2 potions of curing
 h - 3 potions of mutation
 i - a potion of might
 j - a potion of degeneration {unknown}
 k - a potion of haste {unknown}

Dungeon Overview and Level Annotations

Branches:
Dungeon (5/15)             Temple (1/1) D:4           Sewer (visited)

Altars:
Cheibriados
Dithmenos
Fedhas
Gozag
Makhleb
Nemelex Xobeh
Qazlal
Ru
Sif Muna
Vehumet
Xom
Yredelemnul
Zin


Message History

You shoot an arrow. The arrow hits the hound.
You kill the hound!
Your Dodging skill increases to level 8!
You see here a +0 antimagic dagger.
You now have 274 gold pieces (gained 8).
Found a sacrificial altar of Ru.
You now have 286 gold pieces (gained 12).
Found a basalt altar of Yredelemnul.
Found a stone staircase leading down.
Found a shimmering altar of Xom.
An ogre comes into view. It is wielding a +0 giant spiked club.
Found a potion of brilliance and 2 scrolls of identify.
You shoot an arrow. The arrow hits the ogre.
The ogre shouts!
The ogre is lightly wounded.
A white imp comes into view.
You shoot an arrow.
The white imp shouts, "Slither hence, thou surly weevil-witted sissy-prig!"
The arrow hits the ogre.
The ogre is moderately wounded.
A scorpion comes into view.
You shoot an arrow. The arrow barely misses the ogre.
You shoot an arrow.
The arrow hits the ogre but does no damage.
The ogre is moderately wounded.
You shoot an arrow.
The arrow hits the ogre but does no damage.
The ogre is moderately wounded.
You shoot an arrow. The arrow hits the ogre!
The ogre is heavily wounded.
The ogre misses you.
You shoot an arrow. The arrow barely misses the ogre.
The ogre hits you with a +0 giant spiked club!!
You shoot an arrow. The arrow hits the ogre.
The ogre is severely wounded.
The scorpion stings you but does no damage.
You shoot an arrow. The arrow barely misses the ogre.
The scorpion completely misses you.
The ogre hits you with a +0 giant spiked club!!
Ouch! That really hurt!
You die...

#......... ....._... ...
#..#..._. .. . #........
.. ? . #.#.##... . .. .
#.#.##...## .##...
.###....##...#####......
.........##>.....O......
.......#.###....@s5.....
.......#.#....####......
...........##.# !?...
...)...#.####.# ....
.%.....#.# #.. ...
.........# #... ..
........... ...## #
..........# #.##
#####....## #..


You could see an ogre, a scorpion and a white imp.

Vanquished Creatures
  Duvessa (D:4)
  Pargi (Sewer)
  2 ogres
  A kobold brigand (Sewer)
  A scorpion (D:3)
  Dowan (D:4)
  A bombardier beetle (D:4)
  An orc priest (D:4)
  4 hounds
  A jelly (Sewer)
  Terence (D:3)
  Jessica (D:2)
  A sleepcap (D:4)
  A hound zombie (D:3)
  A hound skeleton (D:3)
  Robin (D:2)
  A gnoll (D:1)
  4 adders
  A shadow imp (D:4)
  A ribbon worm (D:4)
  3 dart slugs
  6 orcs (D:4)
  9 ball pythons
  4 bats
  5 endoplasms
  6 giant cockroaches
  19 goblins
  12 hobgoblins
  9 kobolds
  4 quokkas (D:1)
  A ball python skeleton (D:3)
  3 frilled lizards
  A giant cockroach zombie (D:3)
  A jackal zombie (D:3)
  A quokka skeleton (D:3)
  5 rats
116 creatures vanquished.

Notes
Turn   | Place    | Note
-------+----------+-------------------------------------------
     0 | D:1      | qw the Spriggan Hunter began the quest for the Orb.
     0 | D:1      | Reached XP level 1. HP: 10/10 MP: 2/2
     0 | D:1      | 0 ||| qw: Version: 0.3-a-158-g18b3111
     0 | D:1      | 0 ||| qw: Game counter: 4124
     0 | D:1      | 0 ||| qw: Melee chars always use a shield: true
     0 | D:1      | 0 ||| qw: God list: Okawaru
     0 | D:1      | 0 ||| qw: Allow faded altars: false
     0 | D:1      | 0 ||| qw: Do Orc after clearing Dungeon:15 true
     0 | D:1      | 0 ||| qw: Do second Lair branch before Depths: true
     0 | D:1      | 0 ||| qw: Lair rune preference: random
     0 | D:1      | 0 ||| qw: Goals: Normal
     0 | D:1      | 0 ||| PLANNING D:1-11
    32 | D:1      | Reached skill level 3 in Dodging
    43 | D:1      | Reached XP level 2. HP: 14/14 MP: 3/3
   228 | D:1      | Reached XP level 3. HP: 18/18 MP: 4/4
   483 | D:1      | 483 ||| UPGRADING to +1 hat.
   488 | D:1      | 488 ||| READING scroll labelled BACZO TITTA.
   489 | D:1      | 489 ||| DRINKING 2 ruby potions.
   593 | D:1      | 593 ||| DRINKING 2 orange potions.
   594 | D:1      | 594 ||| DRINKING 2 green potions.
   595 | D:1      | 595 ||| DRINKING 2 bubbling cyan potions.
   596 | D:1      | 596 ||| DROPPING scroll of butterflies.
   597 | D:1      | 597 ||| DROPPING potion of berserk rage.
   631 | D:2      | Noticed Jessica
   638 | D:2      | 638 ||| STAIRDANCE
   690 | D:2      | Killed Jessica
   691 | D:2      | Reached XP level 4. HP: 22/22 MP: 5/5
   845 | D:2      | Noticed Robin
   856 | D:2      | Killed Robin
  1264 | D:2      | 1264 ||| READING 2 scrolls labelled VAOTUI FOFRU.
  1265 | D:2      | 1265 ||| READING scroll labelled RIRUPYTHRAPS.
  1308 | D:2      | 1308 ||| DRINKING 2 murky puce potions.
  1308 | D:2      | Gained mutation: You have a pair of small horns on your
                  | head. [potion of mutation]
  1309 | D:2      | 1309 ||| DROPPING scroll of fog.
  1386 | D:3      | Noticed a scorpion
  1387 | D:3      | 1387 ||| ZAPPING wand of flame (20) at 3,7 (scorpion;
                  | floor).
  1390 | D:3      | 1390 ||| ZAPPING wand of flame (19) at 4,6 (scorpion;
                  | floor).
  1391 | D:3      | 1391 ||| ZAPPING wand of flame (18) at 4,5 (scorpion;
                  | floor).
  1392 | D:3      | 1392 ||| ZAPPING wand of flame (17) at 4,4 (scorpion;
                  | floor).
  1393 | D:3      | 1393 ||| ZAPPING wand of flame (16) at 3,3 (scorpion;
                  | floor).
  1393 | D:3      | Killed a scorpion
  1394 | D:3      | Reached XP level 5. HP: 27/27 MP: 6/6
  1740 | D:3      | Identified the +0 mace of the Vestibule of Hell {venom, rC+
                  | Str+5 Dex+3}
  1914 | D:3      | Noticed Terence
  1921 | D:3      | HP: 4/27 [Terence/+2 vampiric morningstar (12)]
  1922 | D:3      | 1922 ||| DRINKING potion of heal wounds.
  1923 | D:3      | Killed Terence
  2026 | D:3      | Reached skill level 6 in Ranged Weapons
  2026 | D:3      | Reached XP level 6. HP: 32/32 MP: 7/7
  2219 | D:3      | 2219 ||| READING scroll labelled ENEUCI ONOESMES.
  2219 | D:3      | 2219 ||| IDENTIFYING murky white potion
  2220 | D:3      | 2220 ||| DROPPING potion of brilliance.
  2246 | D:4      | 2246 ||| PLANNING SEWER
  2356 | D:4      | Noticed Duvessa
  2357 | D:4      | 2357 ||| ZAPPING wand of flame (15) at 2,4 (Duvessa;
                  | floor).
  2358 | D:4      | 2358 ||| ZAPPING wand of flame (14) at 1,3 (Duvessa;
                  | floor).
  2359 | D:4      | 2359 ||| ZAPPING wand of flame (13) at 1,2 (Duvessa;
                  | floor).
  2360 | D:4      | 2360 ||| ZAPPING wand of flame (12) at 1,1 (Duvessa;
                  | floor).
  2361 | D:4      | 2361 ||| ZAPPING wand of flame (11) at 1,1 (Duvessa;
                  | floor).
  2362 | D:4      | 2362 ||| ZAPPING wand of flame (10) at 1,1 (Duvessa;
                  | floor).
  2363 | D:4      | 2363 ||| ZAPPING wand of flame (9) at 1,1 (Duvessa; floor).
  2364 | D:4      | 2364 ||| ZAPPING wand of flame (8) at 1,1 (Duvessa; floor).
  2365 | D:4      | 2365 ||| ZAPPING wand of flame (7) at 1,1 (Duvessa; floor).
  2366 | D:4      | 2366 ||| ZAPPING wand of flame (6) at 1,1 (Duvessa; floor).
  2367 | D:4      | 2367 ||| ZAPPING wand of flame (5) at 1,1 (Duvessa; floor).
  2368 | D:4      | 2368 ||| ZAPPING wand of flame (4) at 1,1 (Duvessa; floor).
  2369 | D:4      | 2369 ||| ZAPPING wand of flame (3) at 1,1 (Duvessa; floor).
  2370 | D:4      | 2370 ||| ZAPPING wand of flame (2) at 1,1 (Duvessa; floor).
  2371 | D:4      | 2371 ||| ZAPPING wand of flame (1) at 1,1 (Duvessa; floor).
  2372 | D:4      | 2372 ||| ZAPPING wand of light (7) at 1,1 (Duvessa; floor).
  2373 | D:4      | 2373 ||| ZAPPING wand of light (6) at 1,1 (Duvessa; floor).
  2373 | D:4      | Killed Duvessa
  2373 | D:4      | Noticed Dowan
  2374 | D:4      | Reached skill level 6 in Dodging
  2375 | D:4      | 2375 ||| ZAPPING wand of light (5) at 1,3 (Dowan; floor).
  2381 | D:4      | 2381 ||| ZAPPING wand of light (4) at 1,3 (Dowan; floor).
  2381 | D:4      | Killed Dowan
  2439 | D:4      | Found a blossoming altar of Fedhas.
  2482 | D:4      | Reached XP level 7. HP: 26/35 MP: 8/8
  2520 | D:4      | Found a glowing drain.
  2521 | D:4      | 2521 ||| READING scroll of identify.
  2521 | D:4      | 2521 ||| IDENTIFYING bubbling orange potion
  2522 | D:4      | 2522 ||| DROPPING potion of magic.
  2526 | Sewer    | Entered a sewer
  2609 | Sewer    | HP: 3/35 [kobold brigand/+0 whip (7)]
  2780 | Sewer    | Noticed Pargi
  2794 | Sewer    | Killed Pargi
  2893 | Sewer    | 2893 ||| READING scroll labelled EMEKAOFUI.
  2907 | D:4      | 2907 ||| PLANNING D:1-11
  3143 | D:4      | Found a burning altar of Makhleb.
  3259 | D:4      | Found a staircase to the Ecumenical Temple.
  3260 | D:4      | 3260 ||| PLANNING TEMPLE
  3260 | D:4      | 3260 ||| READING scroll labelled GAOLLE DEZU.
  3261 | D:4      | 3261 ||| DRINKING 2 fuming inky potions.
  3277 | Temple   | Entered the Ecumenical Temple
  3278 | Temple   | 3278 ||| PLANNING D:1-11
  3373 | D:5      | Entered Level 5 of the Dungeon
  3381 | D:5      | Reached XP level 8. HP: 39/39 MP: 9/9
  3411 | D:5      | Found a sacrificial altar of Ru.
  3424 | D:5      | Found a basalt altar of Yredelemnul.
  3431 | D:5      | Found a shimmering altar of Xom.
  3444 | D:5      | Slain by an ogre

Levels and vault maps discovered:
D:1:      lightli_arrival_flooded_house, layout_rooms
D:2:      layout_basic, uniq_robin, uniq_jessica
D:3:      layout_loops_corners, serial_undead, serial_undead_f, serial_undead_b,
          serial_undead_a, serial_undead_a, serial_undead_c, serial_undead_b,
          kennysheep_generic_room_6, uniq_terence, uniq_crazy_yiuf_cottage
D:4:      cheibrodos_old_hovel, layout_rooms, fedhas_altar_4,
          mainiacjoe_overflow_alcove_1, minmay_temple_entry_offerings,
          mainiacjoe_sewer_entry_somewhere_in_here_1, uniq_duvessa
D:5:      layout_rooms, nicolae_hepliaklqana_monster_ancestors,
          nicolae_uskayaw_suspiria, grunt_temple_overflow_open
Temple:   nicolae_temple_two_arcs

Skill      XL: |  1  2  3  4  5  6  7  8 |
---------------+-------------------------+-----
Dodging        | 3 4 5 6 7 8 |  8.0
Ranged Weapons | 5 6 8 |  8.0
Fighting       | 2 |  2.5
Stealth        | |  1.5

Action                     |  1- 3 |  4- 6 |  7- 9 || total
---------------------------+-------+-------+-------++-------
   Fire: Shortbow          |    72 |   160 |   161 ||   393
  Evoke: Wand              |       |    24 |       ||    24
    Use: Potion            |     4 |     2 |     1 ||     7
         Scroll            |     1 |     3 |     3 ||     7
 Armour: Robe              |     5 |    24 |    31 ||    60
  Dodge: Dodged            |    17 |    84 |    96 ||   197

Table legend:
 A = Non-vault XP
 B = Vault XP
 C = Vault XP percentage of total XP
 D = Non-vault monster count
 E = Vault monster count
 F = Vault count percentage of total count
                 A         B        C        D         E       F
            +---------+---------+-------+---------+---------+-------
      Total |     734 |     748 |  50.5 |      76 |      40 |  34.5
            +---------+---------+-------+---------+---------+-------
        D:1 |      65 |       0 |   0.0 |      29 |       0 |   0.0
        D:2 |      17 |      74 |  81.3 |       9 |      14 |  60.9
        D:3 |      73 |     162 |  68.9 |      13 |      10 |  43.5
        D:4 |     419 |     233 |  35.7 |      23 |       8 |  25.8
        D:5 |     160 |       0 |   0.0 |       2 |       0 |   0.0
      Sewer |       0 |     279 | 100.0 |       0 |       8 | 100.0
            +---------+---------+-------+---------+---------+-------
